 Dungeon Crawl Stone Soup version 0.31-a0-702-gf82c85558f (webtiles) character file.

Game seed: 15136372690931459285

204 qw the Shooter (level 5, -3/33 HPs)
             Began as a Gargoyle Hunter on Sept 8, 2023.
             Slain by a black bear (10 damage)
             ... on level 4 of the Dungeon.
             The game lasted 00:01:10 (2572 turns).

qw the Shooter (Gargoyle Hunter)                    Turns: 2572, Time: 00:01:10

Health: -3/33      AC:  7    Str: 19    XL:     5   Next: 82%
Magic:  5/5        EV: 11    Int: 17    God:
Gold:   101        SH:  0    Dex: 13    Spells: 4/4 levels left

rFire   . . .        Y - +0 shortbow
rCold   . . .        (shield currently unavailable)
rNeg    + . .        c - +0 leather armour
rPois   inf          (no helmet)
rElec   +            (no cloak)
rCorr   .            (no gloves)
SInv    .            (no boots)
Will    .....        (no amulet)
Stlth   +            b - +6 ring of strength
HPRegen 1.05/turn    (no ring)
MPRegen 0.09/turn

%: no passive effects
@: no status effects
A: sickness immunity, AC +4, negative energy resistance 1, electricity
resistance, torment resistance 1, petrification resistance, clever 2,
regeneration 1
a: no special abilities


You were on level 4 of the Dungeon.
You visited 1 branch of the dungeon, and saw 4 of its levels.

You collected 101 gold pieces.


Innate Abilities, Weirdness & Mutations

You are immune to sickness and miasma.
Your stone body is resilient. (AC +4)
You are immune to poison.
You resist negative energy. (rN+)
You are resistant to electric shocks. (rElec)
You are resistant to unholy torment.
You are immune to petrification.
Your mind is very acute. (Int +8, Str/Dex -2)
Your natural rate of healing is unusually fast.


   Skills:
 - Level 4.1 Fighting
 + Level 6.0 Ranged Weapons
 - Level 1.5 Dodging
 - Level 1.1 Stealth


You had 4 spell levels left.
You didn't know any spells.
Your spell library was empty.

Inventory:

Hand Weapons
 Y - a +0 shortbow (weapon)
Armour
 c - a +0 leather armour (worn)
 i - a +0 ring mail
Jewellery
 b - a +6 ring of strength (left hand)
Scrolls
 a - a scroll of enchant armour
 g - a scroll of immolation {unknown}
Potions
 e - a potion of mutation
 f - a potion of brilliance {unknown}
 h - a potion of resistance
 j - a potion of curing {unknown}

Dungeon Overview and Level Annotations

Branches:
Dungeon (4/15)
 Temple: D:4-7

Altars:

Shops:
D:1 [


Message History

The black bear is severely wounded.
The black bear closely misses you. The black bear claws you.
The black bear claws you but does no damage.
The black bear bites you but does no damage.
The black bear claws you.
The black bear claws you but does no damage.
You shoot an arrow.
The arrow closely misses the black bear.
The black bear closely misses you. The black bear claws you. x2
2567 ||| DRINKING 2 potions of heal wounds.
You feel much better. The black bear bites you!
The black bear claws you but does no damage. x2
The black bear barely misses you.
The black bear claws you but does no damage.
The black bear closely misses you.
You shoot an arrow. The arrow barely misses the black bear.
The black bear bites you. The black bear closely misses you.
The black bear claws you.
You shoot an arrow.
The arrow closely misses the black bear.
The black bear barely misses you. The black bear claws you.
The black bear claws you but does no damage.
The black bear bites you.
The black bear claws you but does no damage. x2
2570 ||| DRINKING potion of heal wounds.
You feel much better. The black bear bites you.
The black bear completely misses you. The black bear claws you.
The black bear bites you.
The black bear claws you but does no damage. x2
You shoot an arrow.
The arrow closely misses the black bear.
The black bear bites you.
The black bear claws you but does no damage.
The black bear claws you. The worm barely misses you.
You shoot an arrow. The arrow hits the black bear.
The black bear is severely wounded.
The black bear closely misses you. x2; The black bear claws you.
The black bear bites you!
You die...

#....#+##########..#..
#...............#.=#..
#...............#..#..
#........[......#..'..
#...............#..#..
#...............####..
#........%...........<
#...wh................
#....@................
#.....................
#.....................
#.....................
....########....###+#..
..... #....# +.. ....
... ....


You could see a black bear (berserk) and a worm.

Vanquished Creatures
  A howler monkey (D:2)
  2 gnolls
  6 adders
  2 worms
  2 dart slugs (D:3)
  5 orcs (D:3)
  5 ball pythons
  7 bats
  6 endoplasms
  5 giant cockroaches
  7 goblins
  5 hobgoblins
  6 quokkas
  7 frilled lizards
  6 kobolds
  7 rats
79 creatures vanquished.

Notes
Turn   | Place    | Note
-------+----------+-------------------------------------------
     0 | D:1      | qw the Gargoyle Hunter began the quest for the Orb.
     0 | D:1      | Reached XP level 1. HP: 12/12 MP: 1/1
     0 | D:1      | 0 ||| qw: Version: 0.3-a-76-g4403597
     0 | D:1      | 0 ||| qw: Game counter: 1141
     0 | D:1      | 0 ||| qw: Melee chars always use a shield: true
     0 | D:1      | 0 ||| qw: God list: Okawaru
     0 | D:1      | 0 ||| qw: Allow faded altars: false
     0 | D:1      | 0 ||| qw: Do Orc after clearing Dungeon:15 true
     0 | D:1      | 0 ||| qw: Do second Lair branch before Depths: true
     0 | D:1      | 0 ||| qw: Lair rune preference: random
     0 | D:1      | 0 ||| qw: Goals: Normal
     0 | D:1      | 0 ||| PLANNING D:1-11
    78 | D:1      | Found Aclu's Armour Boutique.
    88 | D:1      | 88 ||| SHOPLISTING +0 ring mail (48 gold, have 0).
    88 | D:1      | 88 ||| SHOPLISTING +1 leather armour of Zelut {Dex+3} (243
                  | gold, have 0).
    88 | D:1      | 88 ||| SHOPLISTING +1 robe of cold resistance (152 gold,
                  | have 0).
    88 | D:1      | 88 ||| SHOPLISTING +2 robe of positive energy (176 gold,
                  | have 0).
   225 | D:1      | Reached XP level 2. HP: 17/17 MP: 2/2
   231 | D:1      | Found a faded altar of an unknown god.
   236 | D:1      | Noticed a shining eye
   236 | D:1      | Noticed a golden eye
   242 | D:1      | Noticed a great orb of eyes
   251 | D:1      | Noticed a great orb of eyes
   462 | D:1      | Reached XP level 3. HP: 21/21 MP: 3/3
   660 | D:1      | Reached skill level 5 in Ranged Weapons
   948 | D:1      | 948 ||| READING scroll labelled ZAUMUUSOTY.
   949 | D:1      | 949 ||| READING scroll labelled CIPSEASTRYGG.
   950 | D:1      | 950 ||| READING scroll labelled ZUCIKHL INAXI.
   953 | D:1      | 953 ||| DROPPING scroll of butterflies.
  1095 | D:2      | Reached skill level 3 in Fighting
  1304 | D:2      | Reached XP level 4. HP: 28/28 MP: 4/4
  1448 | D:2      | Identified the +1 short sword of Governance {pain, *Slow
                  | Will+ SInv}
  1614 | D:2      | Reached XP level 5. HP: 32/32 MP: 5/5
  1657 | D:2      | 1657 ||| READING scroll labelled KEPLOU POEPP.
  1658 | D:2      | 1658 ||| READING scroll labelled PICLEUZ XAYTTAGUM.
  1659 | D:2      | 1659 ||| READING scroll labelled WIHAIMPO EMUEW.
  1660 | D:2      | 1660 ||| DRINKING 2 bubbling clear potions.
  1669 | D:2      | 1669 ||| DROPPING potion of ambrosia.
  1742 | D:3      | Reached skill level 6 in Ranged Weapons
  2454 | D:3      | 2454 ||| UPGRADING to +6 ring of strength.
  2455 | D:3      | 2455 ||| READING 2 scrolls labelled MYKKOAQUTEO.
  2456 | D:3      | 2456 ||| DRINKING 3 golden potions.
  2457 | D:3      | 2457 ||| DRINKING 2 glowing coppery potions.
  2457 | D:3      | Gained mutation: Your natural rate of healing is unusually
                  | fast. [potion of mutation]
  2457 | D:3      | Gained mutation: Your mind is acute. (Int +4, Str/Dex -1)
                  | [potion of mutation]
  2457 | D:3      | Gained mutation: Your mind is very acute. (Int +8, Str/Dex
                  | -2) [potion of mutation]
  2458 | D:3      | 2458 ||| DRINKING 2 murky purple potions.
  2552 | D:4      | Noticed a black bear
  2566 | D:4      | HP: 8/33 [black bear (6)]
  2567 | D:4      | 2567 ||| DRINKING 2 potions of heal wounds.
  2570 | D:4      | 2570 ||| DRINKING potion of heal wounds.
  2572 | D:4      | HP: 7/33 [black bear (4)]
  2572 | D:4      | Slain by a black bear

Levels and vault maps discovered:
D:1:      sevenhm_arrival_forest_fort_small_4, layout_loops_corners,
          hellmonk_ecumenical_altar_watching_god, serial_shops, shop
D:2:      layout_basic
D:3:      minmay_skewed_foursquare, layout_basic
D:4:      layout_gridville, serial_shops, nicolae_diamond_shop

Skill      XL: |  1  2  3  4  5 |
---------------+----------------+-----
Ranged Weapons | 5 6 |  6.0
Fighting       | 3 4 |  4.1
Dodging        | |  1.5
Stealth        | |  1.1

Action                     |  1- 3 |  4- 6 || total
---------------------------+-------+-------++-------
   Fire: Shortbow          |   111 |   177 ||   288
    Use: Scroll            |     3 |     4 ||     7
         Potion            |       |     6 ||     6
 Armour: Leather armour    |    23 |    79 ||   102
  Dodge: Dodged            |    29 |    48 ||    77

Table legend:
 A = Non-vault XP
 B = Vault XP
 C = Vault XP percentage of total XP
 D = Non-vault monster count
 E = Vault monster count
 F = Vault count percentage of total count
                 A         B        C        D         E       F
            +---------+---------+-------+---------+---------+-------
      Total |     259 |      33 |  11.3 |      71 |       8 |  10.1
            +---------+---------+-------+---------+---------+-------
        D:1 |      40 |       0 |   0.0 |      20 |       0 |   0.0
        D:2 |     133 |       0 |   0.0 |      26 |       0 |   0.0
        D:3 |      57 |      33 |  36.7 |      22 |       8 |  26.7
        D:4 |      29 |       0 |   0.0 |       3 |       0 |   0.0
            +---------+---------+-------+---------+---------+-------
